Map: Lightshade LE

Players

SpeCial

  • Race: Terran Terran

Cham - Winner!

  • Race: Zerg Zerg

Event: DreamHack SC2 Masters 2021 Fall

VOD

Have the link to the VOD?

Description

Time

  • Played on: July 31, 2021, 4:49 p.m.
  • Length: 4:23

All games in this series

Show
View Real Time Build Order
Export as new Build Order

SpeCial Terran 

Build Orders:  

Get SALT Encoding   

  12  0:00  SCV  
  13  0:12  SCV  
  14  0:17  Supply Depot  
  14  0:25  SCV  
  15  0:40  Barracks  
  15  0:49  Barracks  
  15  0:53  SCV  
  16  1:05  SCV  
  17  1:12  Refinery  
  17  1:18  SCV  
  18  1:27  Marine  
  18  1:30  Orbital Command  
  19  1:38  Marine  
  20  1:45  Marine  
  21  1:48  Supply Depot  
  21  1:57  SCV  
  21  1:58  Marine  
  23  2:04  Bunker  
  23  2:09  Marine, SCV  
  25  2:17  Factory  
  25  2:18  Marine  
  25  2:21  SCV  
  28  2:33  SCV  
  30  2:44  Command Center  
  28  2:48  SCV  
  28  2:56  Supply Depot  
  28  3:01  Factory Reactor  
  28  3:08  SCV  
  28  3:13  Hellion  
  28  3:14  Starport  
  28  3:16  Command Center  
  24  3:20  SCV  
  24  3:21  Marine  
  24  3:25  Marine  
  27  3:32  SCV  
  30  3:34  Hellion  
  30  3:45  Refinery, SCV  
  30  3:47  Marine x2  
Show
View Real Time Build Order
Export as new Build Order

Cham Zerg - Winner!

Build Orders: Pool First 

Get SALT Encoding   

  12  0:00  Drone  
  13  0:08  Drone  
  14  0:16  Overlord  
  14  0:34  Drone x2  
  16  0:38  Extractor  
  16  0:41  Spawning Pool  
  14  0:45  Drone  
  15  0:50  Drone  
  15  0:57  Drone  
  17  1:17  Hatchery  
  16  1:28  Zergling x4  
  18  1:37  Metabolic Boost  
  18  1:42  Queen  
  20  1:49  Overlord  
  20  1:55  Zergling x2  
  20  1:59  Zergling x2  
  22  2:07  Spine Crawler  
  22  2:08  Zergling x2  
  22  2:14  Zergling x2  
  23  2:21  Queen  
  23  2:22  Zergling x2  
  27  2:35  Zergling x4  
  29  2:40  Baneling Nest  
  29  2:41  Zergling x2  
  29  2:46  Zergling x2  
  30  3:02  Zergling x2  
  30  3:03  Zergling x8  
  32  3:16  Zergling x4  
  32  3:24  Baneling  
  32  3:25  Baneling x4  
  32  3:30  Zergling x2  
  32  3:32  Zergling x2  
  34  3:37  Zergling x2  
  34  3:39  Baneling x2  
  32  3:59  Zergling x2  
  32  4:01  Zergling x8  
  32  4:05  Zergling x2  

Tags
 
Add a new tag
Caveats
  • Supply blocks, unpowered buildings, or Contaminate may cause inaccurate times.
  • Supply counts are checked every 10 seconds.